 Dungeon Crawl Stone Soup version 0.29.0-4-gdea44cf6ec (webtiles) character file.

Game seed: 18129151445835888052

30 qw the Ruffian (level 3, 0/28 HPs)
             Began as a Ghoul Fire Elementalist on Aug 30, 2022.
             Splashed by a jelly's acid (2 damage)
             ... on level 2 of the Dungeon.
             The game lasted 00:01:20 (1421 turns).

qw the Ruffian (Ghoul Fire Elementalist)            Turns: 1421, Time: 00:01:21

Health: 0/28       AC: -4    Str: 13    XL:     3   Next: 18%
Magic:  4/4        EV: 10    Int: 10    God:
Gold:   78         SH:  0    Dex:  9    Spells: 4/5 levels left

rFire   . . .      SeeInvis .     - Unarmed
rCold   + . .      Faith    .   (no shield)
rNeg    + + +      Spirit   .   g - +0 ring mail
rPois   inf        Reflect  .   (no helmet)
rElec   .          Harm     .   (no cloak)
rCorr   .          Rampage  .   e - +2 pair of gloves
Will    .....                   (no boots)
Stlth   +.........              (no amulet)
HPRegen 0.00/turn               (no ring)
MPRegen 0.09/turn               (no ring)

@: corroded, inhibited regen
A: claws 1, cold resistance 1, negative energy resistance 3, inhibited
regeneration, torment resistance 2, devour on kill
a: no special abilities


You were on level 2 of the Dungeon.
You visited 1 branch of the dungeon, and saw 2 of its levels.

You collected 78 gold pieces.


Innate Abilities, Weirdness & Mutations

You are immune to poison.
You have sharp fingernails.
Your flesh is cold resistant. (rC+)
You are immune to negative energy. (rN+++)
You do not regenerate when monsters are visible.
You are immune to unholy pain and torment.
You thrive by killing the living.


   Skills:
 - Level 1.2 Fighting
 - Level 1.7 Dodging
 - Level 2.1 Stealth
 + Level 2.6 Unarmed Combat
 - Level 1.7 Spellcasting
 - Level 0.7 Conjurations
 - Level 2.4 Fire Magic


You had 4 spell levels left.
You knew the following spells:

 Your Spells              Type           Power      Damage    Failure   Level
a - Foxfire               Conj/Fire      16%        2x1d4     36%         1

Your spell library contained the following spells:

 Spells                   Type           Power      Damage    Failure   Level
 Scorch                   Fire           10%        2d6       36%         2
 Conjure Flame            Conj/Fire      4%         6-21      73%         3
 Inner Flame              Hex/Fire       3%         N/A       78%         3
 Flame Wave               Conj/Fire      4%         2d5       98%         4

Inventory:

Armour
 e - a +2 pair of gloves (worn)
 g - a +0 ring mail (worn)
Scrolls
 a - a scroll of teleportation {unknown}
 d - a scroll of blinking {unknown}
Potions
 b - a potion of haste {unknown}
 c - a potion of lignification {unknown}
 f - a potion of heal wounds {unknown}
 j - 3 potions of curing {unknown}

Dungeon Overview and Level Annotations

Branches:
Dungeon (2/15)

Altars:


Message History

The kobold hits you but does no damage.
You hit the kobold.
The kobold is severely wounded.
The kobold hits you with a +0 short sword.
You hit the kobold.
You kill the kobold!
You start resting.
HP restored.
Things that are here:
a +0 short sword; 4 stones You open the door.
A jelly comes into view.
The jelly quivers.
Found a bat skeleton. 8 endoplasms and a jelly come into view.
Found four items.
The endoplasm quivers. x2
The jelly hits you but does no damage.
The jelly jiggles.
There is an open door here.
1415 ||| Stepping ~*~*~tactically~*~*~ (stealth).
The endoplasm attacks as you move away! The endoplasm barely misses you.
You hit the jelly.
Your hands burn!
The jelly is moderately wounded.
The jelly barely misses you.
You hit the jelly.
Your hands burn!
The jelly is heavily wounded.
The jelly hits you but does no damage.
You hit the jelly but do no damage.
Your hands burn!
The jelly is heavily wounded.
The jelly hits you. The acid corrodes you!
You are splashed with acid.
Something hits the fungus.
The fungus begins to die.
You hit the jelly but do no damage.
Your hands burn!
The jelly is heavily wounded.
The jelly hits you. The acid corrodes you!
You are splashed with acid!
Something hits the fungus.
The fungus begins to die.
1420 ||| Stepping ~*~*~tactically~*~*~ (stealth).
The jelly attacks as you move away! The jelly barely misses you.
You hit the jelly. The acid corrodes you!
Your hands burn!
You die...

##.....###.........#
#.......##.........#
#.......##.........#
#.).....###........#
#.......# #........#
#....#### #........#
#....'..###........#
########.##........#
##J@...)###........#
#J####### #........#
#.%JJ.PJJ.
#)########
#...P.J.P. #.#
#.P%.J.... #.#
#.J.P....J
#.########
#.P.J...P%
#.........
#.P%....%!
#.........
##########
#.........


You could see a jelly and an endoplasm.

Vanquished Creatures
  2 dart slugs
  2 endoplasms (D:1)
  A giant cockroach (D:2)
  A goblin (D:2)
  A hobgoblin (D:1)
  3 jackals (D:1)
  8 kobolds
  3 ball pythons (D:1)
  2 bats
  3 frilled lizards
26 creatures vanquished.

Vanquished Creatures (others)
  A fungus (D:2)
  8 toadstools (D:2)
9 creatures vanquished.

Grand Total: 35 creatures vanquished

Notes
Turn   | Place    | Note
-------+----------+-------------------------------------------
     0 | D:1      | qw the Ghoul Fire Elementalist began the quest for the Orb.
     0 | D:1      | Reached XP level 1. HP: 14/14 MP: 2/2
     0 | D:1      | 0 ||| qw: Version: 0.1-a-90-g952f4b7
     0 | D:1      | 0 ||| qw: Game counter: 4321
     0 | D:1      | 0 ||| qw: Always use a shield: true
     0 | D:1      | 0 ||| qw: God list: Okawaru
     0 | D:1      | 0 ||| qw: Allow faded altars: false
     0 | D:1      | 0 ||| qw: Do Orc after D:15 true
     0 | D:1      | 0 ||| qw: Do second Lair branch before Depths: true
     0 | D:1      | 0 ||| qw: Lair rune preference: random
     0 | D:1      | 0 ||| qw: Plans: Normal
     0 | D:1      | 0 ||| PLANNING D:1-11
     4 | D:1      | Found a faded altar of an unknown god.
    69 | D:1      | Reached skill level 1 in Unarmed Combat
   231 | D:1      | Reached skill level 1 in Fighting
   231 | D:1      | Reached XP level 2. HP: 23/23 MP: 3/3
   249 | D:1      | 249 ||| Stepping ~*~*~tactically~*~*~ (stealth).
   296 | D:1      | 296 ||| Stepping ~*~*~tactically~*~*~ (stealth).
   546 | D:1      | 546 ||| Stepping ~*~*~tactically~*~*~ (stealth).
   548 | D:1      | 548 ||| Stepping ~*~*~tactically~*~*~ (stealth).
   568 | D:1      | HP: 5/23 [kobold/+0 falchion (3)]
   940 | D:1      | 940 ||| Stepping ~*~*~tactically~*~*~ (stealth).
  1046 | D:1      | 1046 ||| UPGRADING to +2 pair of gloves.
  1051 | D:1      | 1051 ||| UPGRADING to +0 ring mail.
  1061 | D:1      | 1061 ||| DROPPING +0 robe.
  1062 | D:1      | 1062 ||| READING 2 scrolls labelled ETURATZ DYANG.
  1063 | D:1      | 1063 ||| READING scroll labelled ERUTEU POGYLL.
  1064 | D:1      | 1064 ||| READING scroll labelled VEASEBBALY.
  1065 | D:1      | 1065 ||| READING 2 scrolls labelled JUUCHE QERI.
  1066 | D:1      | 1066 ||| DROPPING potion of magic.
  1067 | D:1      | 1067 ||| DROPPING scroll of fear.
  1068 | D:1      | 1068 ||| DROPPING scroll of poison.
  1146 | D:2      | 1146 ||| Stepping ~*~*~tactically~*~*~ (stealth).
  1272 | D:2      | Reached XP level 3. HP: 25/28 MP: 4/4
  1355 | D:2      | 1355 ||| Stepping ~*~*~tactically~*~*~ (outnumbered).
  1356 | D:2      | 1356 ||| Stepping ~*~*~tactically~*~*~ (outnumbered).
  1359 | D:2      | 1359 ||| Stepping ~*~*~tactically~*~*~ (outnumbered).
  1415 | D:2      | 1415 ||| Stepping ~*~*~tactically~*~*~ (stealth).
  1419 | D:2      | HP: 2/28 [acid (9)]
  1420 | D:2      | 1420 ||| Stepping ~*~*~tactically~*~*~ (stealth).
  1421 | D:2      | Splashed by a jelly's acid

Levels and vault maps discovered:
D:1:      heliophobic_arrival_henge, layout_rooms, ebering_ecumenical_altar_mist
D:2:      cheibrodos_fertilizer, layout_basic

Skill      XL: |  1  2 |
---------------+-------+-----
Unarmed Combat | 1 2 |  2.6
Fighting       | 1 |  1.2
Dodging        | |  1.7
Stealth        | |  2.1
Spellcasting   | |  1.7
Conjurations   | |  0.7
Fire Magic     | |  2.4

Action                   || total
-------------------------++-------
Melee: Unarmed           ||    98
       Punch             ||     1
  Use: Scroll            ||     4
Armor: Ring mail         ||    14
       Robe              ||     8
Dodge: Dodged            ||    56

Table legend:
 A = Non-vault XP
 B = Vault XP
 C = Vault XP percentage of total XP
 D = Non-vault monster count
 E = Vault monster count
 F = Vault count percentage of total count
                 A         B        C        D         E       F
            +---------+---------+-------+---------+---------+-------
      Total |      37 |       6 |  14.0 |      21 |       5 |  19.2
            +---------+---------+-------+---------+---------+-------
        D:1 |      26 |       0 |   0.0 |      15 |       0 |   0.0
        D:2 |      11 |       6 |  35.3 |       6 |       5 |  45.5
            +---------+---------+-------+---------+---------+-------
